[ AOE2 MATCH · #478048774 ]
UnrankedFranks vs Vikings
[ REPLAY ANALYSIS · EXTRACTED FROM THE RECORDED GAME ]
Feudal
12:28
Castle
16:37
Imperial
32:38
| APM avg | 17.6 |
| APM peak | 51 |
| eAPM avg | 15.2 |
| Villagers / military | 123 / 144 |
Focus
⚔️ 30.7% · 🌾 69.3%
Knight ×140 · Trade Cart ×11 · Trebuchet (Packed) ×4
Feudal
9:53
Castle
16:34
Imperial
32:48
| APM avg | 31.5 |
| APM peak | 99 |
| eAPM avg | 15.4 |
| Villagers / military | 113 / 88 |
Focus
⚔️ 28.6% · 🌾 71.4%
Spearman ×32 · Militia ×23 · Skirmisher ×17 · Monk ×11 · Battering Ram ×3 · Mangonel ×2
Feudal
12:07
Castle
20:46
Imperial
37:25
| APM avg | 30.7 |
| APM peak | 82 |
| eAPM avg | 18.6 |
| Villagers / military | 90 / 52 |
Focus
⚔️ 17.3% · 🌾 82.7%
Knight ×27 · Petard ×12 · Magyar Huszar ×11 · Trebuchet (Packed) ×2
Feudal
11:39
Castle
22:34
Imperial
28:27
| APM avg | 9.2 |
| APM peak | 25 |
| eAPM avg | 8.0 |
| Villagers / military | 92 / 64 |
Focus
⚔️ 26.0% · 🌾 74.0%
Militia ×46 · Centurion ×16 · Monk ×2
Feudal
9:54
Castle
18:13
Imperial
30:23
| APM avg | 22.7 |
| APM peak | 46 |
| eAPM avg | 12.7 |
| Villagers / military | 153 / 155 |
Focus
⚔️ 18.1% · 🌾 81.9%
Hand Cannoneer ×92 · Knight ×24 · Scout Cavalry ×22 · Camel Scout ×7 · Battering Ram ×7 · War Elephant ×1
Feudal
12:27
Castle
17:22
Imperial
26:20
| APM avg | 25.4 |
| APM peak | 63 |
| eAPM avg | 11.4 |
| Villagers / military | 105 / 74 |
Focus
⚔️ 27.1% · 🌾 72.9%
Hand Cannoneer ×51 · Camel Scout ×17 · Monk ×2 · Bombard Cannon ×2 · Trebuchet (Packed) ×2
Feudal
11:53
Castle
19:58
Imperial
29:02
| APM avg | 29.4 |
| APM peak | 76 |
| eAPM avg | 16.5 |
| Villagers / military | 112 / 32 |
Focus
⚔️ 19.8% · 🌾 80.2%
Mangonel ×15 · Armored Elephant ×8 · Trade Cart ×6 · Elephant Archer ×5 · Militia ×2 · Trebuchet (Packed) ×2
Feudal
11:02
Castle
16:18
Imperial
32:26
| APM avg | 18.8 |
| APM peak | 58 |
| eAPM avg | 12.6 |
| Villagers / military | 97 / 82 |
Focus
⚔️ 36.4% · 🌾 63.6%
Scorpion ×41 · Battering Ram ×34 · Woad Raider ×6 · Mangonel ×1
Match map
Initial resources + every placement click. Lines = walls · curves = elevation contours. ◆ gold · ⬟ stone · ● berries · ✦ relic · ◌ wall gap
Your base· ✓ Closed at 16:37 · 0t walls · 3 gate(s)
Fannekin's base· ✓ Closed at 16:34 · 0t walls · 2 gate(s)
vajxyoo's base· ✓ Closed at 20:46 · 0t walls · 4 gate(s)
Alejandro U's base· ✓ Closed at 22:34 · 0t walls · 3 gate(s)
Cyberfrank's base· ✓ Closed at 18:13 · 0t walls · 2 gate(s)
CAColmenares's base· ✓ Closed at 17:22 · 0t walls · 3 gate(s)
vincent.arel's base· ✓ Closed at 19:58 · 0t walls · 2 gate(s)
Buitragox's base· ✓ Closed at 16:18 · 0t walls · 2 gate(s)
Smoothed initial terrain · ◌ = detected wall gap · hover for details
Inputs per minute
— m0fo - - Fannekin
Build order — m0fo
First 150 of 393 actions detected
| 0:02 | Create | Villager (Male) |
| 0:02 | Create | Villager (Male) |
| 0:02 | Create | Villager (Male) |
| 0:03 | Create | Villager (Male) |
| 0:07 | Build | House |
| 0:12 | Build | House |
| 1:43 | Create | Villager (Male) |
| 1:43 | Create | Villager (Male) |
| 2:17 | Build | Lumber Camp |
| 2:24 | Create | Villager (Male) |
| 2:24 | Create | Villager (Male) |
| 3:14 | Create | Villager (Male) |
| 3:14 | Create | Villager (Male) |
| 3:26 | Create | Villager (Male) |
| 3:26 | Create | Villager (Male) |
| 3:57 | Create | Villager (Male) |
| 4:09 | Build | House |
| 4:58 | Create | Villager (Male) |
| 4:58 | Create | Villager (Male) |
| 4:58 | Create | Villager (Male) |
| 5:31 | Build | Mill |
| 5:57 | Build | House |
| 6:09 | Create | Villager (Male) |
| 6:09 | Create | Villager (Male) |
| 6:09 | Create | Villager (Male) |
| 6:24 | Create | Villager (Male) |
| 6:25 | Create | Villager (Male) |
| 6:25 | Create | Villager (Male) |
| 6:25 | Create | Villager (Male) |
| 6:33 | Create | Villager (Male) |
| 7:17 | Create | Villager (Male) |
| 8:18 | Create | Villager (Male) |
| 8:18 | Create | Villager (Male) |
| 8:18 | Create | Villager (Male) |
| 8:45 | Build | Mill |
| 9:55 | Build | House |
| 9:56 | Build | House |
| 9:57 | Build | House |
| 9:59 | Build | House |
| 10:11 | Build | House |
| 10:18 | Research | Feudal Age |
| 10:21 | Create | Villager (Male) |
| 10:21 | Create | Villager (Male) |
| 10:21 | Create | Villager (Male) |
| 10:21 | Create | Villager (Male) |
| 10:44 | Build | Mining Camp |
| 11:52 | Build | Farm |
| 11:53 | Build | Farm |
| 11:54 | Build | Farm |
| 12:28 | Age | Feudal Age |
| 12:33 | Build | Blacksmith |
| 12:42 | Build | Market |
| 13:00 | Build | Farm |
| 13:20 | Build | Farm |
| 13:32 | Build | Farm |
| 13:50 | Research | Castle Age |
| 13:58 | Create | Villager (Male) |
| 14:11 | Build | Farm |
| 14:22 | Build | Farm |
| 14:35 | Build | Farm |
| 14:51 | Build | Farm |
| 15:20 | Research | Double-Bit Axe |
| 15:24 | Research | Gold Mining |
| 15:39 | Research | Stone Mining |
| 16:27 | Create | Villager (Male) |
| 16:27 | Create | Villager (Male) |
| 16:28 | Create | Villager (Male) |
| 16:28 | Create | Villager (Male) |
| 16:37 | Age | Castle Age |
| 16:48 | Build | Town Center |
| 16:58 | Create | Villager (Male) |
| 16:58 | Create | Villager (Male) |
| 16:58 | Create | Villager (Male) |
| 17:14 | Research | Bow Saw |
| 17:40 | Create | Villager (Male) |
| 18:15 | Create | Villager (Male) |
| 18:15 | Create | Villager (Male) |
| 18:15 | Create | Villager (Male) |
| 18:15 | Create | Villager (Male) |
| 18:32 | Build | Town Center |
| 18:37 | Create | Villager (Male) |
| 18:37 | Create | Villager (Male) |
| 18:49 | Build | Lumber Camp |
| 18:59 | Create | Villager (Male) |
| 18:59 | Create | Villager (Male) |
| 19:21 | Create | Villager (Male) |
| 19:21 | Create | Villager (Male) |
| 19:50 | Create | Villager (Male) |
| 19:50 | Create | Villager (Male) |
| 19:50 | Create | Villager (Male) |
| 20:09 | Create | Villager (Male) |
| 20:09 | Create | Villager (Male) |
| 20:18 | Build | Farm |
| 20:18 | Build | Farm |
| 20:19 | Build | Farm |
| 20:27 | Build | Farm |
| 20:27 | Build | Farm |
| 20:34 | Build | Farm |
| 20:43 | Build | Farm |
| 20:50 | Build | Farm |
| 20:56 | Build | Farm |
| 21:04 | Build | Farm |
| 21:07 | Research | Wheelbarrow |
| 21:08 | Create | Villager (Male) |
| 21:17 | Create | Villager (Male) |
| 21:17 | Create | Villager (Male) |
| 21:30 | Build | Farm |
| 21:30 | Build | Farm |
| 21:42 | Build | Farm |
| 21:42 | Build | Farm |
| 21:42 | Build | Farm |
| 21:46 | Create | Villager (Male) |
| 21:46 | Create | Villager (Male) |
| 21:46 | Create | Villager (Male) |
| 21:47 | Create | Villager (Male) |
| 21:47 | Create | Villager (Male) |
| 22:05 | Create | Villager (Male) |
| 22:05 | Create | Villager (Male) |
| 22:05 | Create | Villager (Male) |
| 22:20 | Build | House |
| 22:22 | Build | House |
| 22:23 | Build | House |
| 22:25 | Build | House |
| 22:26 | Build | House |
| 22:28 | Build | House |
| 22:32 | Create | Villager (Male) |
| 22:32 | Create | Villager (Male) |
| 22:32 | Create | Villager (Male) |
| 23:15 | Research | Hand Cart |
| 23:15 | Create | Villager (Male) |
| 23:16 | Create | Villager (Male) |
| 23:26 | Create | Villager (Male) |
| 23:26 | Create | Villager (Male) |
| 23:27 | Create | Villager (Male) |
| 23:27 | Create | Villager (Male) |
| 23:37 | Build | Farm |
| 23:38 | Build | Farm |
| 23:38 | Build | Farm |
| 23:39 | Build | Farm |
| 23:47 | Build | Farm |
| 23:56 | Build | Farm |
| 23:56 | Build | Farm |
| 23:57 | Build | Farm |
| 24:06 | Create | Villager (Male) |
| 24:06 | Create | Villager (Male) |
| 24:06 | Create | Villager (Male) |
| 24:06 | Create | Villager (Male) |
| 24:07 | Create | Villager (Male) |
| 24:07 | Create | Villager (Male) |
| 24:07 | Create | Villager (Male) |
Build order — Fannekin
First 150 of 395 actions detected
| 0:02 | Create | Villager (Male) |
| 0:02 | Create | Villager (Male) |
| 0:02 | Create | Villager (Male) |
| 0:03 | Build | House |
| 0:05 | Build | House |
| 0:51 | Create | Villager (Male) |
| 0:51 | Create | Villager (Male) |
| 1:31 | Create | Villager (Male) |
| 1:31 | Create | Villager (Male) |
| 1:32 | Create | Villager (Male) |
| 1:39 | Create | Villager (Male) |
| 1:40 | Create | Villager (Male) |
| 1:47 | Build | Lumber Camp |
| 2:32 | Build | House |
| 3:00 | Create | Villager (Male) |
| 3:00 | Create | Villager (Male) |
| 3:00 | Create | Villager (Male) |
| 3:33 | Create | Villager (Male) |
| 3:34 | Create | Villager (Male) |
| 3:34 | Create | Villager (Male) |
| 3:34 | Create | Villager (Male) |
| 4:26 | Create | Villager (Male) |
| 4:26 | Create | Villager (Male) |
| 4:49 | Create | Villager (Male) |
| 4:49 | Create | Villager (Male) |
| 4:49 | Create | Villager (Male) |
| 4:53 | Build | House |
| 4:59 | Build | House |
| 5:41 | Create | Villager (Male) |
| 5:41 | Create | Villager (Male) |
| 5:42 | Create | Villager (Male) |
| 5:51 | Create | Villager (Male) |
| 6:12 | Build | Mill |
| 6:14 | Create | Villager (Male) |
| 6:45 | Create | Villager (Male) |
| 7:04 | Create | Villager (Male) |
| 7:25 | Create | Villager (Male) |
| 7:41 | Research | Feudal Age |
| 8:37 | Build | House |
| 8:40 | Build | House |
| 8:48 | Build | Mining Camp |
| 9:24 | Build | Mining Camp |
| 9:43 | Create | Villager (Male) |
| 9:43 | Create | Villager (Male) |
| 9:44 | Create | Villager (Male) |
| 9:53 | Age | Feudal Age |
| 9:56 | Research | Double-Bit Axe |
| 10:20 | Create | Villager (Male) |
| 10:48 | Build | Farm |
| 10:52 | Build | Farm |
| 11:00 | Build | Blacksmith |
| 11:28 | Create | Villager (Male) |
| 11:29 | Create | Villager (Male) |
| 11:39 | Build | Farm |
| 11:58 | Build | Market |
| 12:03 | Create | Villager (Male) |
| 12:09 | Build | Farm |
| 12:32 | Build | Farm |
| 12:40 | Create | Villager (Male) |
| 12:49 | Build | Farm |
| 12:57 | Build | Farm |
| 13:14 | Build | Farm |
| 13:17 | Create | Villager (Male) |
| 13:54 | Research | Castle Age |
| 13:55 | Research | Castle Age |
| 14:21 | Build | House |
| 14:27 | Build | House |
| 14:28 | Build | House |
| 14:30 | Build | House |
| 14:31 | Build | House |
| 14:44 | Build | House |
| 14:46 | Build | House |
| 14:50 | Build | Barracks |
| 15:14 | Build | Farm |
| 15:22 | Create | Villager (Male) |
| 15:22 | Create | Villager (Male) |
| 15:23 | Create | Villager (Male) |
| 16:05 | Build | Farm |
| 16:34 | Age | Castle Age |
| 16:35 | Build | Monastery |
| 16:48 | Build | Siege Workshop |
| 16:55 | Research | Bow Saw |
| 17:04 | Build | Town Center |
| 17:18 | Create | Villager (Male) |
| 17:19 | Create | Monk |
| 17:58 | Research | Man-at-Arms (upgrade) |
| 18:06 | Create | Villager (Male) |
| 18:08 | Research | Loom |
| 18:11 | Create | Villager (Male) |
| 18:11 | Create | Villager (Male) |
| 18:12 | Create | Villager (Male) |
| 18:13 | Create | Villager (Male) |
| 18:14 | Create | Villager (Male) |
| 18:15 | Create | Villager (Male) |
| 18:15 | Create | Villager (Male) |
| 18:23 | Research | Fervor |
| 18:29 | Create | Militia |
| 19:07 | Build | Mill |
| 19:08 | Build | Farm |
| 19:08 | Build | Farm |
| 19:08 | Build | Farm |
| 19:08 | Build | Farm |
| 19:09 | Build | Farm |
| 19:09 | Build | Farm |
| 19:13 | Research | Horse Collar |
| 19:15 | Build | Farm |
| 19:27 | Research | Long Swordsman (upgrade) |
| 19:28 | Research | Gambesons |
| 19:46 | Build | Lumber Camp |
| 19:53 | Build | Farm |
| 19:53 | Build | Farm |
| 19:53 | Build | Farm |
| 19:53 | Build | Farm |
| 20:02 | Create | Spearman |
| 20:37 | Create | Monk |
| 20:52 | Research | Pikeman (upgrade) |
| 21:11 | Build | House |
| 21:12 | Build | House |
| 21:15 | Build | House |
| 21:17 | Create | Mangonel |
| 21:52 | Create | Spearman |
| 21:53 | Create | Spearman |
| 22:04 | Build | Barracks |
| 22:08 | Create | Villager (Male) |
| 22:08 | Create | Villager (Male) |
| 22:09 | Create | Villager (Male) |
| 22:09 | Create | Villager (Male) |
| 22:10 | Create | Villager (Male) |
| 22:10 | Create | Villager (Male) |
| 22:10 | Create | Villager (Male) |
| 22:11 | Create | Villager (Male) |
| 22:11 | Create | Villager (Male) |
| 22:13 | Create | Villager (Male) |
| 22:13 | Create | Villager (Male) |
| 22:13 | Create | Villager (Male) |
| 22:14 | Create | Villager (Male) |
| 22:16 | Create | Villager (Male) |
| 22:42 | Build | Mill |
| 22:43 | Build | Farm |
| 22:43 | Build | Farm |
| 22:43 | Build | Farm |
| 22:44 | Build | Farm |
| 22:44 | Build | Farm |
| 22:44 | Build | Farm |
| 22:59 | Build | House |
| 23:00 | Build | House |
| 23:01 | Build | House |
| 23:03 | Build | House |
| 23:03 | Build | House |
| 23:04 | Build | House |
Build order — vajxyoo
First 150 of 251 actions detected
| 0:03 | Build | House |
| 0:05 | Build | House |
| 1:00 | Create | Villager (Male) |
| 1:10 | Create | Villager (Male) |
| 1:11 | Create | Villager (Male) |
| 1:30 | Create | Villager (Male) |
| 2:23 | Create | Villager (Male) |
| 2:47 | Create | Villager (Male) |
| 3:27 | Create | Villager (Male) |
| 4:02 | Create | Villager (Male) |
| 4:39 | Create | Villager (Male) |
| 4:40 | Create | Villager (Male) |
| 5:22 | Create | Villager (Male) |
| 5:23 | Create | Villager (Male) |
| 5:26 | Build | House |
| 5:27 | Build | House |
| 5:56 | Create | Villager (Male) |
| 6:31 | Build | Lumber Camp |
| 6:34 | Create | Villager (Male) |
| 7:13 | Create | Villager (Male) |
| 7:15 | Create | Villager (Male) |
| 7:46 | Create | Villager (Male) |
| 7:47 | Create | Villager (Male) |
| 7:49 | Build | Mill |
| 7:53 | Create | Villager (Male) |
| 8:59 | Create | Villager (Male) |
| 9:06 | Build | House |
| 9:07 | Build | House |
| 9:57 | Research | Feudal Age |
| 12:07 | Age | Feudal Age |
| 12:15 | Create | Villager (Male) |
| 12:15 | Create | Villager (Male) |
| 12:18 | Create | Villager (Male) |
| 12:19 | Create | Villager (Male) |
| 12:33 | Build | Mining Camp |
| 13:04 | Research | Wheelbarrow |
| 13:07 | Build | Farm |
| 13:10 | Build | Farm |
| 13:15 | Build | Farm |
| 13:17 | Build | Farm |
| 13:18 | Build | Farm |
| 13:20 | Research | Double-Bit Axe |
| 13:21 | Research | Horse Collar |
| 13:39 | Build | Farm |
| 13:40 | Build | Farm |
| 13:52 | Research | Town Watch |
| 14:00 | Research | Stone Mining |
| 14:06 | Build | Market |
| 15:29 | Build | Blacksmith |
| 15:36 | Build | House |
| 15:37 | Build | House |
| 15:43 | Research | Loom |
| 15:48 | Research | Gold Mining |
| 16:13 | Create | Villager (Male) |
| 16:14 | Create | Villager (Male) |
| 16:19 | Create | Villager (Male) |
| 16:23 | Build | Farm |
| 16:24 | Build | Farm |
| 16:26 | Build | Farm |
| 16:42 | Build | Farm |
| 16:53 | Build | Farm |
| 18:06 | Research | Castle Age |
| 18:47 | Build | Barracks |
| 18:56 | Build | Mining Camp |
| 20:46 | Age | Castle Age |
| 20:47 | Research | Bow Saw |
| 20:48 | Research | Heavy Plow |
| 20:53 | Build | Monastery |
| 20:58 | Create | Villager (Male) |
| 20:58 | Create | Villager (Male) |
| 21:00 | Create | Villager (Male) |
| 21:04 | Create | Villager (Male) |
| 21:53 | Create | Villager (Male) |
| 21:55 | Build | Lumber Camp |
| 21:58 | Create | Villager (Male) |
| 22:23 | Research | Devotion |
| 22:30 | Research | Town Patrol |
| 23:01 | Build | Town Center |
| 24:16 | Research | Gold Shaft Mining |
| 24:28 | Build | University |
| 24:34 | Create | Villager (Male) |
| 24:34 | Create | Villager (Male) |
| 24:37 | Create | Villager (Male) |
| 24:38 | Create | Villager (Male) |
| 24:41 | Create | Villager (Male) |
| 25:43 | Create | Villager (Male) |
| 25:43 | Create | Villager (Male) |
| 25:44 | Create | Villager (Male) |
| 26:11 | Build | House |
| 26:18 | Create | Villager (Male) |
| 26:28 | Create | Villager (Male) |
| 26:30 | Research | Hand Cart |
| 26:36 | Build | Farm |
| 27:13 | Build | Castle |
| 27:23 | Build | Farm |
| 27:25 | Create | Villager (Male) |
| 27:28 | Build | Farm |
| 27:30 | Create | Villager (Male) |
| 27:32 | Create | Villager (Male) |
| 28:00 | Build | Farm |
| 28:01 | Build | Farm |
| 28:03 | Build | Farm |
| 28:04 | Create | Villager (Male) |
| 28:05 | Create | Villager (Male) |
| 28:09 | Create | Villager (Male) |
| 28:14 | Build | House |
| 28:15 | Build | House |
| 28:16 | Build | House |
| 28:17 | Build | House |
| 28:18 | Build | House |
| 28:26 | Research | Treadmill Crane |
| 29:30 | Create | Villager (Male) |
| 29:31 | Create | Villager (Male) |
| 29:33 | Create | Villager (Male) |
| 29:34 | Create | Villager (Male) |
| 29:40 | Create | Villager (Male) |
| 29:45 | Build | Farm |
| 29:46 | Build | Farm |
| 29:47 | Build | Farm |
| 29:54 | Build | Farm |
| 29:56 | Create | Villager (Male) |
| 29:57 | Create | Villager (Male) |
| 29:57 | Create | Villager (Male) |
| 30:01 | Create | Villager (Male) |
| 30:05 | Create | Villager (Male) |
| 30:19 | Research | Caravan |
| 30:20 | Research | Coinage |
| 30:29 | Create | Petard |
| 30:30 | Create | Petard |
| 30:36 | Create | Petard |
| 30:43 | Build | Farm |
| 30:49 | Build | Farm |
| 30:54 | Create | Villager (Male) |
| 30:56 | Build | Lumber Camp |
| 31:50 | Create | Petard |
| 32:29 | Create | Petard |
| 32:36 | Create | Villager (Male) |
| 32:37 | Create | Villager (Male) |
| 32:39 | Create | Villager (Male) |
| 33:09 | Create | Petard |
| 33:38 | Research | Imperial Age |
| 33:43 | Research | Scale Barding Armor |
| 33:45 | Research | Scale Mail Armor |
| 33:45 | Research | Padded Archer Armor |
| 33:45 | Research | Fletching |
| 33:56 | Create | Petard |
| 33:57 | Create | Petard |
| 34:15 | Research | Imperial Age |
| 34:32 | Build | Stable |
| 34:33 | Build | Stable |
Build order — Alejandro U
First 150 of 212 actions detected
| 0:07 | Build | House |
| 0:09 | Build | House |
| 0:10 | Build | House |
| 0:12 | Create | Villager (Male) ×4 |
| 1:38 | Research | Loom |
| 2:25 | Create | Villager (Male) |
| 2:39 | Create | Villager (Male) |
| 3:10 | Create | Villager (Male) |
| 3:26 | Create | Villager (Male) |
| 3:57 | Create | Villager (Male) ×2 |
| 4:15 | Create | Villager (Male) |
| 4:34 | Create | Villager (Male) |
| 4:35 | Create | Villager (Male) |
| 5:08 | Build | Mill |
| 5:23 | Create | Villager (Male) |
| 5:23 | Create | Villager (Male) |
| 6:48 | Create | Villager (Male) |
| 6:49 | Create | Villager (Male) |
| 6:59 | Build | House |
| 7:01 | Build | House |
| 7:11 | Create | Villager (Male) |
| 8:14 | Create | Villager (Male) |
| 8:14 | Create | Villager (Male) |
| 8:21 | Create | Villager (Male) |
| 8:31 | Build | Lumber Camp |
| 9:15 | Build | Mining Camp |
| 9:21 | Research | Feudal Age |
| 11:39 | Age | Feudal Age |
| 11:49 | Build | Market |
| 11:54 | Build | Blacksmith |
| 11:59 | Build | House |
| 12:00 | Build | House |
| 12:02 | Build | House |
| 12:28 | Research | Wheelbarrow |
| 12:52 | Research | Double-Bit Axe |
| 12:55 | Research | Town Watch |
| 12:57 | Create | Villager (Male) |
| 12:57 | Create | Villager (Male) |
| 13:01 | Create | Villager (Male) |
| 13:01 | Create | Villager (Male) |
| 13:50 | Create | Villager (Male) |
| 13:50 | Create | Villager (Male) |
| 14:22 | Research | Horse Collar |
| 14:43 | Research | Gold Mining |
| 14:49 | Create | Villager (Male) |
| 15:14 | Build | House |
| 15:16 | Build | House |
| 15:19 | Build | House |
| 15:26 | Build | Farm |
| 15:27 | Build | Farm |
| 15:27 | Build | Farm |
| 15:28 | Build | Farm |
| 15:28 | Build | Farm |
| 15:42 | Build | Farm |
| 16:01 | Build | Farm |
| 16:09 | Build | Farm |
| 16:19 | Build | Farm |
| 16:20 | Build | Farm |
| 16:23 | Build | Farm |
| 16:24 | Build | Farm |
| 16:26 | Build | Farm |
| 16:51 | Build | Farm |
| 16:52 | Build | Farm |
| 16:55 | Build | Farm |
| 17:16 | Build | Farm |
| 17:17 | Build | Farm |
| 17:17 | Build | Farm |
| 17:21 | Build | Farm |
| 17:23 | Build | Farm |
| 17:30 | Build | Farm |
| 17:32 | Build | Farm |
| 17:33 | Build | Farm |
| 17:46 | Build | Farm |
| 17:49 | Create | Villager (Male) |
| 17:50 | Create | Villager (Male) |
| 18:29 | Create | Villager (Male) |
| 18:35 | Create | Villager (Male) |
| 18:44 | Create | Villager (Male) |
| 19:02 | Create | Villager (Male) |
| 19:45 | Research | Castle Age |
| 20:51 | Build | Farm |
| 20:52 | Build | Farm |
| 20:53 | Build | Farm |
| 20:54 | Build | Farm |
| 20:55 | Build | Farm |
| 20:56 | Build | Farm |
| 20:57 | Build | Farm |
| 22:34 | Age | Castle Age |
| 22:40 | Research | Gold Shaft Mining |
| 22:42 | Research | Bow Saw |
| 22:45 | Research | Hand Cart |
| 22:49 | Research | Heavy Plow |
| 23:09 | Build | Monastery |
| 23:14 | Build | University |
| 23:40 | Research | Fervor |
| 23:41 | Create | Monk |
| 24:20 | Research | Fortified Wall (upgrade) |
| 24:46 | Build | Town Center |
| 24:52 | Create | Villager (Male) |
| 24:52 | Create | Villager (Male) |
| 24:55 | Create | Villager (Male) |
| 24:55 | Create | Villager (Male) |
| 25:14 | Research | Imperial Age |
| 25:28 | Research | Stone Mining |
| 25:35 | Research | Fletching |
| 25:36 | Research | Forging |
| 26:16 | Create | Monk |
| 26:50 | Build | Mining Camp |
| 26:56 | Create | Villager (Male) |
| 26:56 | Create | Villager (Male) |
| 27:02 | Create | Villager (Male) ×5 |
| 28:11 | Create | Villager (Male) ×5 |
| 28:15 | Create | Villager (Male) ×5 |
| 28:19 | Research | Scale Barding Armor |
| 28:20 | Research | Iron Casting |
| 28:20 | Research | Bodkin Arrow |
| 28:27 | Age | Imperial Age |
| 29:02 | Research | Chemistry |
| 29:29 | Research | Ballistics |
| 29:31 | Research | Chain Barding Armor |
| 29:49 | Build | Farm |
| 30:16 | Build | Farm |
| 30:33 | Build | House |
| 30:37 | Build | Farm |
| 30:40 | Build | Farm |
| 30:41 | Build | Farm |
| 30:56 | Build | Farm |
| 31:09 | Build | Farm |
| 31:17 | Research | Guilds |
| 32:08 | Research | Blast Furnace |
| 32:10 | Research | Plate Barding Armor |
| 32:29 | Build | Town Center |
| 32:52 | Build | Lumber Camp |
| 32:56 | Create | Villager (Male) ×5 |
| 33:01 | Research | Town Watch |
| 33:12 | Research | Crop Rotation |
| 33:20 | Create | Villager (Male) ×5 |
| 33:43 | Build | House |
| 33:44 | Build | House |
| 33:45 | Build | House |
| 33:47 | Build | House |
| 34:18 | Build | Barracks |
| 34:19 | Build | Barracks |
| 34:23 | Build | Barracks |
| 34:28 | Build | Barracks |
| 34:43 | Build | Barracks |
| 35:11 | Build | House |
| 35:13 | Build | House |
| 35:14 | Build | House |
| 35:24 | Build | Mining Camp |
Build order — Cyberfrank
First 150 of 374 actions detected
| 0:04 | Build | House |
| 0:06 | Build | House |
| 0:08 | Build | House |
| 0:11 | Create | Villager (Male) |
| 0:11 | Create | Villager (Male) |
| 0:12 | Create | Villager (Male) |
| 0:13 | Create | Villager (Male) |
| 0:17 | Create | Villager (Male) |
| 1:41 | Create | Villager (Male) |
| 2:10 | Create | Villager (Male) |
| 2:10 | Create | Villager (Male) |
| 2:10 | Create | Villager (Male) |
| 2:16 | Build | Lumber Camp |
| 2:17 | Create | Villager (Male) |
| 2:56 | Create | Villager (Male) |
| 3:04 | Create | Villager (Male) |
| 3:50 | Create | Villager (Male) |
| 3:50 | Create | Villager (Male) |
| 4:13 | Build | Mill |
| 5:03 | Create | Villager (Male) |
| 5:04 | Create | Villager (Male) |
| 5:06 | Create | Villager (Male) |
| 5:07 | Create | Villager (Male) |
| 5:36 | Create | Villager (Male) |
| 5:43 | Create | Villager (Male) |
| 5:59 | Build | House |
| 6:36 | Create | Villager (Male) |
| 7:50 | Research | Feudal Age |
| 7:57 | Build | Lumber Camp |
| 8:32 | Create | Villager (Male) |
| 9:09 | Create | Villager (Male) |
| 9:15 | Build | House |
| 9:18 | Build | Lumber Camp |
| 9:54 | Age | Feudal Age |
| 10:27 | Build | Barracks |
| 10:30 | Build | House |
| 10:34 | Create | Villager (Male) |
| 10:35 | Create | Villager (Male) |
| 10:45 | Build | Mining Camp |
| 11:01 | Research | Double-Bit Axe |
| 11:06 | Create | Villager (Male) |
| 11:11 | Build | Market |
| 11:30 | Create | Villager (Male) |
| 11:42 | Build | House |
| 11:44 | Create | Villager (Male) |
| 11:56 | Build | Blacksmith |
| 12:12 | Create | Villager (Male) |
| 12:33 | Build | House |
| 12:37 | Create | Villager (Male) |
| 12:46 | Create | Villager (Male) |
| 13:11 | Build | Farm |
| 13:11 | Build | Farm |
| 13:11 | Build | Farm |
| 13:12 | Build | Farm |
| 13:12 | Build | Farm |
| 13:19 | Build | Farm |
| 13:19 | Build | Farm |
| 13:20 | Build | Farm |
| 13:20 | Build | Farm |
| 13:20 | Build | Farm |
| 13:20 | Build | Farm |
| 13:21 | Build | Farm |
| 13:57 | Create | Villager (Male) |
| 13:58 | Create | Villager (Male) |
| 14:17 | Build | Farm |
| 14:30 | Create | Villager (Male) |
| 14:45 | Build | Farm |
| 15:07 | Create | Villager (Male) |
| 15:44 | Create | Villager (Male) |
| 15:48 | Research | Castle Age |
| 16:06 | Research | Gold Mining |
| 16:28 | Build | Stable |
| 16:31 | Create | Villager (Male) |
| 16:53 | Create | Villager (Male) |
| 17:09 | Research | Horse Collar |
| 17:40 | Build | Stable |
| 17:49 | Build | Mill |
| 18:13 | Age | Castle Age |
| 18:15 | Build | Town Center |
| 18:19 | Build | Town Center |
| 18:27 | Create | Villager (Male) |
| 18:28 | Create | Villager (Male) |
| 18:33 | Create | Camel Scout ×5 |
| 18:34 | Create | Camel Scout |
| 18:34 | Create | Camel Scout |
| 18:48 | Build | Farm |
| 18:51 | Create | Villager (Male) |
| 18:51 | Create | Villager (Male) |
| 18:52 | Create | Villager (Male) |
| 18:53 | Create | Villager (Male) |
| 19:01 | Build | Farm |
| 19:03 | Create | Villager (Male) |
| 19:15 | Create | Villager (Male) |
| 19:19 | Create | Villager (Male) |
| 19:24 | Create | Villager (Male) |
| 19:28 | Build | House |
| 19:44 | Build | House |
| 19:50 | Create | Villager (Male) |
| 19:52 | Create | Villager (Male) |
| 19:56 | Research | Husbandry |
| 19:57 | Research | Scale Barding Armor |
| 19:59 | Create | Villager (Male) |
| 19:59 | Create | Villager (Male) |
| 20:35 | Create | Villager (Male) |
| 20:40 | Create | Villager (Male) |
| 20:44 | Create | Villager (Male) |
| 21:02 | Create | Villager (Male) |
| 21:13 | Create | Villager (Male) |
| 21:14 | Create | Villager (Male) |
| 21:14 | Create | Villager (Male) |
| 21:15 | Create | Villager (Male) |
| 21:19 | Create | Villager (Male) |
| 21:51 | Create | Villager (Male) |
| 21:51 | Create | Villager (Male) |
| 21:52 | Create | Villager (Male) |
| 21:52 | Create | Villager (Male) |
| 22:00 | Build | House |
| 22:01 | Build | House |
| 22:01 | Build | House |
| 22:01 | Build | House |
| 22:07 | Build | Mining Camp |
| 22:09 | Create | Villager (Male) |
| 22:18 | Build | House |
| 22:19 | Build | House |
| 22:29 | Build | Mill |
| 22:30 | Build | Farm |
| 22:30 | Build | Farm |
| 22:31 | Build | Farm |
| 22:31 | Build | Farm |
| 22:31 | Build | Farm |
| 22:31 | Build | Farm |
| 22:34 | Create | Villager (Male) |
| 22:55 | Create | Villager (Male) |
| 22:56 | Create | Villager (Male) |
| 22:56 | Create | Villager (Male) |
| 22:57 | Create | Villager (Male) |
| 22:57 | Create | Villager (Male) |
| 22:58 | Create | Villager (Male) |
| 23:04 | Build | Mill |
| 23:05 | Build | Farm |
| 23:06 | Build | Farm |
| 23:06 | Build | Farm |
| 23:06 | Build | Farm |
| 23:06 | Build | Farm |
| 23:07 | Build | Farm |
| 23:22 | Create | Villager (Male) |
| 23:29 | Create | Villager (Male) |
| 23:37 | Create | Villager (Male) |
| 23:37 | Create | Villager (Male) |
| 23:40 | Create | Villager (Male) |
Build order — CAColmenares
First 150 of 294 actions detected
| 0:02 | Create | Villager (Male) |
| 0:02 | Create | Villager (Male) |
| 0:02 | Create | Villager (Male) |
| 0:05 | Build | House |
| 0:07 | Build | House |
| 0:22 | Create | Villager (Male) |
| 0:22 | Create | Villager (Male) |
| 1:22 | Create | Villager (Male) |
| 1:23 | Create | Villager (Male) |
| 1:23 | Create | Villager (Male) |
| 1:48 | Build | Lumber Camp |
| 1:50 | Create | Villager (Male) |
| 1:50 | Create | Villager (Male) |
| 2:38 | Create | Villager (Male) |
| 2:39 | Create | Villager (Male) |
| 3:52 | Create | Villager (Male) |
| 3:52 | Create | Villager (Male) |
| 4:20 | Build | House |
| 5:04 | Create | Villager (Male) |
| 5:04 | Create | Villager (Male) |
| 5:33 | Create | Villager (Male) |
| 5:37 | Create | Villager (Male) |
| 5:37 | Create | Villager (Male) |
| 5:59 | Build | Mill |
| 6:37 | Create | Villager (Male) |
| 6:38 | Create | Villager (Male) |
| 6:59 | Build | House |
| 7:29 | Create | Villager (Male) |
| 7:30 | Create | Villager (Male) |
| 7:42 | Create | Villager (Male) |
| 7:48 | Create | Villager (Male) |
| 8:07 | Build | House |
| 8:30 | Create | Villager (Male) |
| 8:41 | Build | House |
| 9:32 | Build | Barracks |
| 9:40 | Create | Villager (Male) |
| 10:17 | Research | Feudal Age |
| 10:40 | Build | Mining Camp |
| 11:02 | Build | Mining Camp |
| 11:34 | Create | Villager (Male) |
| 11:34 | Create | Villager (Male) |
| 11:38 | Build | Farm |
| 11:42 | Build | Farm |
| 11:46 | Build | Farm |
| 11:50 | Build | Farm |
| 11:53 | Build | Farm |
| 12:27 | Age | Feudal Age |
| 12:33 | Build | Market |
| 12:36 | Build | Blacksmith |
| 12:43 | Build | Blacksmith |
| 13:02 | Build | Farm |
| 13:08 | Create | Villager (Male) |
| 13:24 | Build | Farm |
| 13:37 | Build | House |
| 13:40 | Build | House |
| 13:42 | Create | Villager (Male) |
| 13:45 | Build | Farm |
| 14:09 | Create | Villager (Male) |
| 14:11 | Build | Farm |
| 14:40 | Build | Farm |
| 14:42 | Research | Castle Age |
| 15:29 | Build | House |
| 15:39 | Create | Villager (Male) |
| 15:40 | Create | Villager (Male) |
| 17:22 | Age | Castle Age |
| 17:29 | Build | Town Center |
| 17:40 | Build | Town Center |
| 17:43 | Create | Villager (Male) |
| 17:43 | Create | Villager (Male) |
| 17:46 | Research | Wheelbarrow |
| 17:52 | Create | Villager (Male) |
| 17:52 | Create | Villager (Male) |
| 17:52 | Create | Villager (Male) |
| 18:17 | Create | Villager (Male) |
| 18:18 | Create | Villager (Male) |
| 18:18 | Create | Villager (Male) |
| 18:37 | Create | Villager (Male) |
| 18:37 | Create | Villager (Male) |
| 18:37 | Create | Villager (Male) |
| 18:53 | Create | Villager (Male) |
| 18:53 | Create | Villager (Male) |
| 19:09 | Build | Farm |
| 19:11 | Build | Farm |
| 19:20 | Create | Villager (Male) |
| 19:21 | Create | Villager (Male) |
| 19:39 | Build | Monastery |
| 19:50 | Create | Villager (Male) |
| 19:50 | Create | Villager (Male) |
| 19:51 | Create | Villager (Male) |
| 20:11 | Create | Villager (Male) |
| 20:12 | Create | Villager (Male) |
| 20:12 | Create | Villager (Male) |
| 20:13 | Create | Villager (Male) |
| 20:53 | Build | Farm |
| 21:04 | Build | Farm |
| 21:05 | Create | Villager (Male) |
| 21:06 | Create | Villager (Male) |
| 21:28 | Build | Farm |
| 21:50 | Build | University |
| 21:55 | Create | Villager (Male) |
| 21:56 | Create | Villager (Male) |
| 21:56 | Create | Villager (Male) |
| 21:57 | Create | Villager (Male) |
| 22:01 | Build | Farm |
| 22:22 | Create | Villager (Male) |
| 22:22 | Create | Villager (Male) |
| 22:34 | Build | House |
| 22:36 | Build | House |
| 22:37 | Build | House |
| 22:38 | Build | House |
| 22:53 | Create | Villager (Male) |
| 22:54 | Create | Villager (Male) |
| 22:58 | Build | Farm |
| 23:07 | Research | Imperial Age |
| 23:17 | Build | Castle |
| 23:39 | Build | Barracks |
| 23:47 | Create | Villager (Male) |
| 23:48 | Create | Villager (Male) |
| 23:48 | Create | Villager (Male) |
| 23:48 | Create | Villager (Male) |
| 23:49 | Create | Villager (Male) |
| 23:51 | Create | Villager (Male) |
| 23:57 | Build | House |
| 24:01 | Build | House |
| 24:23 | Create | Villager (Male) |
| 24:24 | Create | Villager (Male) |
| 24:24 | Create | Villager (Male) |
| 24:34 | Create | Villager (Male) |
| 24:34 | Create | Villager (Male) |
| 24:47 | Research | Double-Bit Axe |
| 25:01 | Research | Horse Collar |
| 25:05 | Build | Farm |
| 25:11 | Build | Farm |
| 25:13 | Build | Farm |
| 25:17 | Build | Farm |
| 25:31 | Build | Archery Range |
| 25:32 | Build | Archery Range |
| 25:39 | Build | Mining Camp |
| 25:42 | Create | Villager (Male) |
| 25:43 | Create | Villager (Male) |
| 25:43 | Create | Villager (Male) |
| 25:43 | Create | Villager (Male) |
| 25:44 | Create | Villager (Male) |
| 25:50 | Build | House |
| 25:50 | Build | House |
| 25:50 | Build | House |
| 25:51 | Build | House |
| 25:51 | Build | House |
| 26:04 | Research | Gold Mining |
| 26:20 | Age | Imperial Age |
Build order — vincent.arel
First 150 of 311 actions detected
| 0:03 | Build | House |
| 0:05 | Build | House |
| 0:05 | Create | Villager (Male) |
| 0:05 | Create | Villager (Male) |
| 0:06 | Create | Villager (Male) |
| 0:06 | Create | Villager (Male) |
| 1:50 | Create | Villager (Male) |
| 2:22 | Create | Villager (Male) |
| 2:23 | Create | Villager (Male) |
| 2:23 | Create | Villager (Male) |
| 3:13 | Create | Villager (Male) |
| 3:13 | Create | Villager (Male) |
| 3:23 | Build | House |
| 3:33 | Build | Lumber Camp |
| 3:49 | Create | Villager (Male) |
| 4:34 | Create | Villager (Male) |
| 4:35 | Create | Villager (Male) |
| 4:54 | Build | House |
| 5:08 | Create | Villager (Male) |
| 5:08 | Create | Villager (Male) |
| 5:58 | Create | Villager (Male) |
| 5:58 | Create | Villager (Male) |
| 6:12 | Create | Villager (Male) |
| 6:29 | Create | Villager (Male) |
| 6:52 | Create | Villager (Male) |
| 7:16 | Create | Villager (Male) |
| 7:50 | Create | Villager (Male) |
| 8:08 | Build | House |
| 8:18 | Build | Mill |
| 8:20 | Create | Villager (Male) |
| 9:03 | Create | Villager (Male) |
| 9:20 | Research | Feudal Age |
| 10:23 | Build | Mining Camp |
| 10:46 | Build | Lumber Camp |
| 11:06 | Build | House |
| 11:53 | Age | Feudal Age |
| 11:56 | Create | Villager (Male) |
| 11:58 | Create | Villager (Male) |
| 12:06 | Build | Mining Camp |
| 12:10 | Research | Horse Collar |
| 12:11 | Research | Double-Bit Axe |
| 12:25 | Build | Farm |
| 12:25 | Build | Farm |
| 12:25 | Build | Farm |
| 12:29 | Build | Farm |
| 12:30 | Build | Farm |
| 12:32 | Build | Farm |
| 12:35 | Create | Villager (Male) |
| 12:57 | Build | Market |
| 13:04 | Build | Blacksmith |
| 13:06 | Build | House |
| 13:09 | Create | Villager (Male) |
| 13:31 | Build | Farm |
| 13:32 | Build | Farm |
| 13:34 | Build | Farm |
| 13:38 | Create | Villager (Male) |
| 13:40 | Create | Villager (Male) |
| 13:56 | Create | Villager (Male) |
| 14:15 | Build | Farm |
| 14:15 | Build | Farm |
| 14:16 | Build | Farm |
| 14:52 | Create | Villager (Male) |
| 14:54 | Create | Villager (Male) |
| 15:07 | Create | Villager (Male) |
| 15:23 | Build | Farm |
| 15:26 | Build | Farm |
| 15:34 | Build | Farm |
| 15:35 | Build | Farm |
| 15:48 | Build | Farm |
| 15:54 | Build | Farm |
| 15:56 | Create | Villager (Male) |
| 16:03 | Build | House |
| 16:35 | Create | Villager (Male) |
| 17:18 | Research | Castle Age |
| 17:23 | Build | Farm |
| 17:54 | Build | Barracks |
| 18:04 | Build | Farm |
| 18:06 | Build | Farm |
| 18:23 | Research | Stone Mining |
| 18:23 | Research | Gold Mining |
| 19:49 | Research | Loom |
| 19:50 | Research | Town Watch |
| 19:58 | Age | Castle Age |
| 20:19 | Build | Castle |
| 20:27 | Build | Mining Camp |
| 20:31 | Create | Villager (Male) |
| 20:32 | Create | Villager (Male) |
| 20:36 | Build | Farm |
| 20:37 | Build | Farm |
| 20:38 | Build | Farm |
| 20:39 | Build | Farm |
| 20:47 | Research | Gold Shaft Mining |
| 20:53 | Research | Bow Saw |
| 20:55 | Research | Heavy Plow |
| 21:18 | Build | Town Center |
| 21:34 | Build | Town Center |
| 21:39 | Create | Villager (Male) |
| 21:39 | Create | Villager (Male) |
| 22:32 | Create | Villager (Male) |
| 22:32 | Create | Villager (Male) |
| 22:33 | Create | Villager (Male) |
| 22:46 | Create | Villager (Male) |
| 22:46 | Create | Villager (Male) |
| 22:47 | Create | Villager (Male) |
| 23:02 | Research | Fletching |
| 23:03 | Research | Padded Archer Armor |
| 23:12 | Create | Trade Cart |
| 23:13 | Create | Trade Cart |
| 23:28 | Build | University |
| 23:33 | Build | House |
| 23:35 | Build | House |
| 23:39 | Create | Villager (Male) |
| 23:39 | Create | Villager (Male) |
| 23:40 | Create | Villager (Male) |
| 24:07 | Build | Stable |
| 24:12 | Create | Villager (Male) |
| 24:12 | Create | Villager (Male) |
| 24:13 | Create | Villager (Male) |
| 24:13 | Create | Villager (Male) |
| 24:13 | Create | Villager (Male) |
| 24:13 | Create | Villager (Male) |
| 24:14 | Create | Villager (Male) |
| 24:18 | Build | Farm |
| 24:18 | Build | Farm |
| 24:19 | Build | Farm |
| 24:20 | Build | Farm |
| 24:21 | Build | Farm |
| 24:51 | Build | Lumber Camp |
| 24:58 | Create | Villager (Male) |
| 25:00 | Create | Villager (Male) |
| 25:15 | Build | Archery Range |
| 25:23 | Create | Villager (Male) |
| 25:23 | Create | Villager (Male) |
| 25:23 | Create | Villager (Male) |
| 25:44 | Research | Imperial Age |
| 25:58 | Create | Villager (Male) |
| 25:58 | Create | Villager (Male) |
| 26:08 | Create | Villager (Male) |
| 26:09 | Create | Villager (Male) |
| 26:16 | Build | Farm |
| 26:16 | Build | Farm |
| 26:16 | Build | Farm |
| 26:17 | Build | Farm |
| 26:18 | Build | Farm |
| 26:18 | Build | Farm |
| 26:25 | Build | Farm |
| 26:25 | Build | Farm |
| 26:26 | Build | Farm |
| 26:32 | Create | Villager (Male) |
| 26:33 | Create | Villager (Male) |
Build order — Buitragox
First 150 of 273 actions detected
| 0:02 | Create | Villager (Male) ×4 |
| 0:02 | Create | Villager (Male) ×4 |
| 0:05 | Build | House |
| 0:06 | Build | House |
| 1:46 | Build | Lumber Camp |
| 1:52 | Create | Villager (Male) |
| 1:52 | Create | Villager (Male) |
| 1:52 | Create | Villager (Male) |
| 2:15 | Create | Villager (Male) |
| 2:32 | Create | Villager (Male) |
| 2:47 | Build | House |
| 3:18 | Create | Villager (Male) |
| 3:39 | Create | Villager (Male) |
| 4:13 | Create | Villager (Male) |
| 4:44 | Create | Villager (Male) |
| 4:57 | Create | Villager (Male) |
| 5:33 | Create | Villager (Male) |
| 5:43 | Create | Villager (Male) |
| 5:51 | Build | House |
| 5:55 | Create | Villager (Male) |
| 6:39 | Create | Villager (Male) |
| 6:48 | Create | Villager (Male) |
| 6:58 | Build | Mill |
| 7:03 | Create | Villager (Male) |
| 7:44 | Create | Villager (Male) |
| 7:57 | Build | Mining Camp |
| 8:52 | Research | Feudal Age |
| 8:53 | Research | Feudal Age |
| 8:53 | Research | Feudal Age |
| 10:07 | Build | Farm |
| 10:09 | Build | Farm |
| 11:02 | Age | Feudal Age |
| 11:13 | Build | Blacksmith |
| 11:21 | Build | Market |
| 11:22 | Create | Villager (Male) |
| 11:22 | Create | Villager (Male) |
| 11:34 | Research | Double-Bit Axe |
| 11:48 | Build | Farm |
| 11:48 | Build | Farm |
| 11:53 | Build | Farm |
| 11:55 | Build | Farm |
| 11:58 | Build | Farm |
| 12:10 | Build | House |
| 12:22 | Research | Loom |
| 12:46 | Create | Villager (Male) |
| 12:56 | Build | Mill |
| 12:57 | Build | Farm |
| 12:59 | Build | Farm |
| 13:16 | Build | Farm |
| 13:16 | Build | Farm |
| 13:38 | Research | Castle Age |
| 13:56 | Build | Farm |
| 14:00 | Build | Farm |
| 14:12 | Research | Double-Bit Axe |
| 14:51 | Research | Horse Collar |
| 15:50 | Create | Villager (Male) |
| 15:50 | Create | Villager (Male) |
| 16:18 | Age | Castle Age |
| 16:25 | Build | Town Center |
| 16:28 | Create | Villager (Male) |
| 16:53 | Build | House |
| 17:06 | Create | Villager (Male) |
| 17:23 | Create | Villager (Male) |
| 17:45 | Research | Wheelbarrow |
| 18:08 | Create | Villager (Male) |
| 18:08 | Create | Villager (Male) |
| 18:24 | Create | Villager (Male) |
| 18:31 | Research | Bow Saw |
| 18:35 | Create | Villager (Male) |
| 18:35 | Create | Villager (Male) |
| 18:47 | Create | Villager (Male) |
| 18:47 | Create | Villager (Male) |
| 18:57 | Build | House |
| 19:02 | Create | Villager (Male) |
| 19:29 | Build | Town Center |
| 19:31 | Create | Villager (Male) |
| 19:32 | Create | Villager (Male) |
| 19:47 | Research | Town Watch |
| 19:56 | Build | House |
| 20:07 | Create | Villager (Male) |
| 20:36 | Build | Siege Workshop |
| 20:37 | Create | Villager (Male) |
| 20:52 | Create | Villager (Male) |
| 21:08 | Create | Villager (Male) |
| 21:08 | Create | Villager (Male) |
| 21:21 | Create | Villager (Male) |
| 21:21 | Create | Villager (Male) |
| 21:28 | Build | Farm |
| 21:28 | Build | Farm |
| 21:29 | Build | Farm |
| 21:36 | Build | Farm |
| 21:38 | Create | Villager (Male) |
| 21:54 | Build | Outpost |
| 22:00 | Build | Outpost |
| 22:06 | Create | Villager (Male) |
| 22:09 | Create | Villager (Male) |
| 22:22 | Create | Scorpion |
| 22:22 | Create | Scorpion |
| 22:25 | Create | Villager (Male) |
| 22:30 | Create | Villager (Male) |
| 22:31 | Create | Villager (Male) |
| 22:46 | Research | Hand Cart |
| 22:48 | Create | Villager (Male) |
| 23:06 | Build | Town Center |
| 23:12 | Create | Villager (Male) |
| 23:16 | Research | Heavy Plow |
| 23:18 | Research | Gold Mining |
| 23:19 | Research | Stone Mining |
| 23:40 | Create | Battering Ram |
| 23:55 | Build | House |
| 24:11 | Build | House |
| 24:22 | Create | Scorpion |
| 24:35 | Create | Villager (Male) |
| 24:42 | Create | Scorpion |
| 24:58 | Build | Siege Workshop |
| 24:59 | Create | Villager (Male) |
| 25:00 | Create | Villager (Male) |
| 25:05 | Create | Scorpion |
| 25:11 | Create | Villager (Male) |
| 25:11 | Create | Villager (Male) |
| 25:15 | Create | Scorpion |
| 25:37 | Build | Mining Camp |
| 25:40 | Create | Villager (Male) |
| 25:45 | Create | Villager (Male) |
| 25:48 | Create | Villager (Male) |
| 25:57 | Create | Villager (Male) |
| 26:06 | Build | House |
| 26:07 | Build | House |
| 26:09 | Build | House |
| 26:28 | Create | Battering Ram |
| 26:29 | Create | Battering Ram |
| 26:35 | Create | Scorpion |
| 26:38 | Build | House |
| 26:40 | Create | Villager (Male) |
| 26:42 | Create | Villager (Male) |
| 26:43 | Create | Villager (Male) |
| 26:48 | Create | Scorpion |
| 26:49 | Create | Battering Ram |
| 26:57 | Build | Farm |
| 26:58 | Build | Farm |
| 26:59 | Build | Farm |
| 27:00 | Build | Farm |
| 27:01 | Build | Farm |
| 27:01 | Build | Farm |
| 27:04 | Create | Villager (Male) |
| 27:09 | Create | Villager (Male) |
| 27:13 | Create | Scorpion |
| 27:15 | Create | Battering Ram |
| 27:25 | Build | House |
| 27:27 | Create | Battering Ram |
Match timeline
| 9:32 | CAColmenares · first_building Barracks |
| 9:53 | Fannekin · age_up feudal |
| 9:54 | Cyberfrank · age_up feudal |
| 10:27 | Cyberfrank · first_building Barracks |
| 11:02 | Buitragox · age_up feudal |
| 11:39 | Alejandro U · age_up feudal |
| 11:53 | vincent.arel · age_up feudal |
| 12:07 | vajxyoo · age_up feudal |
| 12:27 | CAColmenares · age_up feudal |
| 12:28 | m0fo · age_up feudal |
| 14:29 | CAColmenares · first_market_buy 100 food |
| 14:50 | Fannekin · first_building Barracks |
| 15:13 | Cyberfrank · first_market_buy 100 food |
| 15:16 | Cyberfrank · first_market_sell 100 wood |
| 16:18 | Buitragox · age_up castle |
| 16:28 | Cyberfrank · first_building Stable |
| 16:34 | Fannekin · age_up castle |
| 16:35 | Fannekin · first_building Monastery |
| 16:37 | m0fo · age_up castle |
| 16:48 | Fannekin · first_building Siege Workshop |
| 17:22 | CAColmenares · age_up castle |
| 17:53 | vajxyoo · first_market_buy 100 food |
| 17:54 | vincent.arel · first_building Barracks |
| 18:13 | Cyberfrank · age_up castle |
| 18:47 | vajxyoo · first_building Barracks |
| 19:39 | CAColmenares · first_building Monastery |
| 19:58 | vincent.arel · age_up castle |
| 20:19 | vincent.arel · first_building Castle |
| 20:36 | Buitragox · first_building Siege Workshop |
| 20:46 | vajxyoo · age_up castle |
| 20:53 | vajxyoo · first_building Monastery |
| 22:34 | Alejandro U · age_up castle |
| 23:09 | Alejandro U · first_building Monastery |
| 23:17 | CAColmenares · first_building Castle |
| 24:07 | vincent.arel · first_building Stable |
| 24:42 | m0fo · first_building Barracks |
| 25:15 | vincent.arel · first_building Archery Range |
| 25:31 | CAColmenares · first_building Archery Range |
| 25:34 | Fannekin · first_building Archery Range |
| 25:58 | m0fo · first_building Stable |
| 26:20 | CAColmenares · age_up imperial |
| 26:43 | Cyberfrank · first_building Monastery |
| 26:56 | m0fo · first_building Castle |
| 27:13 | vajxyoo · first_building Castle |
| 27:13 | CAColmenares · first_building Stable |
| 28:06 | Buitragox · first_building Monastery |
| 28:26 | Cyberfrank · first_building Castle |
| 28:27 | Alejandro U · age_up imperial |
| 28:50 | CAColmenares · first_building Siege Workshop |
| 29:02 | vincent.arel · age_up imperial |
| 29:13 | Buitragox · first_market_sell 100 wood |
| 29:37 | Buitragox · first_building Castle |
| 29:42 | Cyberfrank · first_building Siege Workshop |
| 30:22 | m0fo · first_market_sell 100 wood |
| 30:23 | Cyberfrank · age_up imperial |
| 32:26 | Buitragox · age_up imperial |
| 32:38 | m0fo · age_up imperial |
| 32:48 | Fannekin · age_up imperial |
| 33:36 | vajxyoo · first_market_sell 100 food |
| 33:39 | vincent.arel · first_building Siege Workshop |
| 34:18 | Alejandro U · first_building Barracks |
| 34:32 | vajxyoo · first_building Stable |
| 35:24 | CAColmenares · first_market_sell 100 food |
| 35:56 | Alejandro U · first_building Stable |
| 36:03 | Cyberfrank · first_building Archery Range |
| 36:12 | vincent.arel · first_market_sell 100 food |
| 36:15 | vincent.arel · first_market_buy 100 wood |
| 37:25 | vajxyoo · age_up imperial |
| 38:04 | m0fo · first_building Siege Workshop |
| 38:23 | Alejandro U · first_building Castle |
| 41:29 | Fannekin · resign |
| 41:43 | m0fo · wall_segment Stone Wall x10 |
| 42:09 | m0fo · wall_segment Stone Wall x3 |
| 44:20 | Alejandro U · first_market_sell 500 wood |
| 44:22 | Alejandro U · first_market_buy 500 food |
[ AI ANALYSIS · 1 CREDIT ]
What really happened in this match?
Wolo.gg analyzes every decision: build order, eco, micro, common mistakes by bracket. Personalized analysis on WhatsApp or Discord in 30 seconds.
Civ guide
Franks
Perfil
Jugador #21702107